 Dungeon Crawl Stone Soup version 0.32-a0-961-gd60f5e5fc7 (webtiles) character file.

Game seed: 15317956265468656990

431 drunkbafoobis the Chopper (level 7, -3/55 HPs)
             Began as a Coglin Gladiator on Apr 17, 2024.
             Was an Initiate of Hepliaklqana.
             Slain by a vampire (5 damage)
             ... on level 5 of the Dungeon.
             The game lasted 00:05:47 (3232 turns).

drunkbafoobis the Chopper (Coglin Gladiator)        Turns: 3232, Time: 00:05:47

Health: -3/55      AC:  4    Str: 16    XL:     7   Next: 0%
Magic:  7/7        EV: 11    Int:  7    God:    Hepliaklqana [......]
Gold:   174        SH:  0    Dex: 16    Spells: 6/6 levels left

rFire   . . .        a - +0 war axe {Ana}
rCold   . . .        t - +0 dagger (venom) {Yawen}
rNeg    . . .        b - +0 leather armour
rPois   .            c - +0 helmet
rElec   .            (no cloak)
rCorr   .            (no gloves)
SInv    .            (no boots)
Will    .....        (amulet unavailable)
Stlth   +            (ring unavailable)
HPRegen 0.29/turn    (ring unavailable)
MPRegen 0.10/turn    (no gizmo)

%: no passive effects
@: confused, brilliant, revved
A: off-hand wielding, slow wielding, warmup strikes, no jewellery
a: Invent Gizmo, Renounce Religion


You were on level 5 of the Dungeon.
You worshipped Hepliaklqana.
Hepliaklqana was noncommittal.
You visited 1 branch of the dungeon, and saw 5 of its levels.

You collected 174 gold pieces.

Inventory:

Hand Weapons
 a - a +0 war axe (weapon) {Ana}
 f - a +0 dagger {Hachiro}
 h - a +0 short sword of speed {Iseul}
 t - a +0 dagger of venom (offhand) {Yawen}
Missiles
 d - 3 throwing nets (quivered)
 e - a javelin
Armour
 b - a +0 leather armour (worn)
 c - a +0 helmet (worn)
Scrolls
 g - 4 scrolls of identify {unknown}
 k - a scroll of vulnerability {unknown}
 n - a scroll of noise {unknown}
 o - a scroll of immolation
 p - a scroll of enchant armour {unknown}
 q - a scroll of torment {unknown}
 s - a scroll of fear {unknown}
 u - a scroll of amnesia {unknown}
Potions
 i - 2 potions of attraction {unknown}
 j - 2 potions of brilliance
 l - a potion of lignification {unknown}
 m - 2 potions of curing {unknown}
 r - a potion of cancellation {unknown}


   Skills:
 + Level 4.4 Fighting
 * Level 6.4 Axes
 - Level 1.7 Throwing
 - Level 2.6 Dodging


You had 6 spell levels left.
You didn't know any spells.
Your spell library contained the following spells:

 Spells                   Type           Power      Damage    Failure   Level
 Magic Dart               Conj           0%         1d3       50%         1
 Necrotise                Necr           0%         1d4       50%         1
 Blink                    Tloc           0%         N/A       65%         2
 Call Imp                 Summ           0%         N/A       65%         2
 Ensorcelled Hibernation  Hex/Ice        0%         N/A       65%         2
 Passwall                 Erth           0%         N/A       86%         3
 Swiftness                Air            0%         N/A       86%         3
 Vampiric Draining        Necr           0%         2d6       86%         3
 Martyr's Knell           Necr/Summ      0%         N/A       99%         4
 Curse of Agony           Necr           0%         N/A       100%        5


Dungeon Overview and Level Annotations

Branches:
Dungeon (5/15)
 Temple: D:4-7

Altars:
Elyvilon
Gozag
Hepliaklqana
Makhleb

Shops:
D:4 [(([*

Annotations:
D:3 1 runed translucent door, Crazy Yiuf
D:4 3 runed translucent doors, hexenhour's ghost, amateur DrAE


Innate Abilities, Weirdness & Mutations

You can wield a second weapon in your off-hand.
It takes a long time for you to wield or remove held weapons.
Your first few attacks do less damage.
You cannot equip rings or amulets.


Message History

You hit the vampire with your +0 war axe.
The vampire is lightly damaged.
You closely miss the vampire with your +0 dagger of venom.
The vampire barely misses you. x2
You hit the vampire but do no damage.
The vampire is lightly damaged.
You barely miss the vampire with your +0 war axe.
The vampire hits you.
* * * LOW HITPOINT WARNING * * *
The vampire bites you.
* * * LOW HITPOINT WARNING * * *
The vampire draws strength from your injuries!
You hit the vampire but do no damage.
You slash the vampire with your +0 war axe!
The vampire misses you. The vampire bites you.
* * * LOW HITPOINT WARNING * * *
The vampire draws strength from your injuries!
You hit the vampire but do no damage.
The vampire is lightly damaged.
You closely miss the vampire with your +0 war axe.
The vampire casts a spell at you.
You are confused.
You're too confused to move!
The vampire closely misses you. The vampire bites you.
* * * LOW HITPOINT WARNING * * *
The vampire draws strength from your injuries!
You barely miss the vampire with your +0 war axe.
The vampire is lightly damaged.
You closely miss the vampire with your +0 dagger of venom.
The vampire gestures wildly while chanting.
The vampire flickers and vanishes!
Deactivating autopickup; reactivate with Ctrl-A.
You hear some strange, mumbled words.
You are more confused.
You are too confused!
It was a potion of brilliance.
You feel clever all of a sudden. Something hits you.
You die...
Hepliaklqana delivers you to your ancestors.

#...# #§# ...# #...#
#°# #...#
#...####.####...#
#...............#
#..............[#
#..<....>.....>>####
#..#.................#
## ##.....[..........#
####.#.####.@{...#
#.#.# #......# #.#.#
#......... ..#.#
......(... .....
.....###...
.......###### ..
....... . ..


There were no monsters in sight!

Vanquished Creatures
  Eustachio (D:4)
  An ogre (D:4)
  A howler monkey (D:4)
  Natasha (twice) (D:2)
  3 adders
  2 dart slugs
  4 orcs (D:4)
  8 endoplasms
  2 giant cockroaches
  8 goblins
  8 hobgoblins
  10 jackals
  9 kobolds
  3 quokkas
  2 ball pythons
  6 bats
  4 frilled lizards
  5 rats (D:2)
79 creatures vanquished.

Vanquished Creatures (others)
  A jackal (D:5)
1 creature vanquished.

Grand Total: 80 creatures vanquished

Notes
Turn   | Place    | Note
-------+----------+-------------------------------------------
     0 | D:1      | drunkbafoobis the Coglin Gladiator began the quest for the
                  | Orb.
     0 | D:1      | Reached XP level 1. HP: 16/16 MP: 1/1
   106 | D:1      | Reached XP level 2. HP: 14/22 MP: 2/2
   834 | D:2      | Reached XP level 3. HP: 28/28 MP: 3/3
   841 | D:2      | Found a white marble altar of Elyvilon.
   993 | D:2      | Reached skill level 4 in Axes
  1072 | D:2      | Noticed Natasha
  1083 | D:2      | Killed Natasha
  1084 | D:2      | Reached XP level 4. HP: 9/35 MP: 4/4
  1326 | D:2      | Noticed Natasha
  1332 | D:2      | Killed Natasha
  1487 | D:3      | Found a faded altar of an unknown god.
  1942 | D:3      | Found a runed translucent door.
  1943 | D:3      | Noticed Crazy Yiuf
  1992 | D:4      | Found Jaorucopn's Armour Boutique.
  2010 | D:4      | Reached XP level 5. HP: 41/41 MP: 5/5
  2117 | D:4      | Found Ustitent's General Store.
  2182 | D:4      | Noticed an ogre
  2189 | D:4      | Killed an ogre
  2190 | D:4      | Reached skill level 5 in Axes
  2227 | D:4      | Found Malixink's Weapon Boutique.
  2256 | D:4      | Reached XP level 6. HP: 23/48 MP: 6/6
  2495 | D:4      | Found Lekut's Weapon Shop.
  2595 | D:4      | Found Ettezan's Antique Armour Boutique.
  2845 | D:4      | Noticed Eustachio
  2860 | D:4      | Killed Eustachio
  2861 | D:4      | Reached skill level 6 in Axes
  3009 | D:4      | Found a runed translucent gate.
  3010 | D:4      | Found a runed translucent gate.
  3010 | D:4      | Found a runed translucent gate.
  3011 | D:4      | Found an opulent altar of Gozag.
  3013 | D:4      | Noticed hexenhour's ghost (amateur DrAE)
  3035 | D:4      | Found a hazy altar of Hepliaklqana.
  3035 | D:4      | Found a burning altar of Makhleb.
  3068 | D:4      | Became a worshipper of Hepliaklqana the Forgotten
  3206 | D:5      | Entered Level 5 of the Dungeon
  3213 | D:5      | Reached XP level 7. HP: 54/55 MP: 7/7
  3219 | D:5      | Noticed a vampire
  3228 | D:5      | HP: 2/55 [vampire (4)]
  3232 | D:5      | Slain by a vampire

Illustrated notes

Levels and vault maps discovered:
D:1:      dpeg_arrival_tiny_a, layout_basic, hangedman_decor_clover_reticule
D:2:      layout_basic, basic_altar, uniq_natasha
D:3:      layout_loops_cross, hellmonk_ecumenical_altar_blasted,
          uniq_crazy_yiuf_cottage
D:4:      layout_loops_corners, gammafunk_temple_overflow_elements,
          ebering_ghost_gozag, serial_shops, nicolae_shop_pleasant_corner_grove,
          nicolae_shop_trees, shop, shop, nicolae_shop_advertising_works
          [nicolae_subvault_shop_adworks], minmay_misc_feat_iff, uniq_eustachio
D:5:      layout_rooms, grunt_ministairs_5, lemuel_flamethrower_2, uniq_sigmund

Skill      XL: |  1  2  3  4  5  6 |
---------------+-------------------+-----
Axes           | 4 5 6 |  6.4
Fighting       | 3 4 |  4.4
Throwing       | |  1.7
Dodging        | |  2.6

Action                     |  1- 3 |  4- 6 |  7- 9 || total
---------------------------+-------+-------+-------++-------
  Melee: War axe           |    81 |   105 |     8 ||   194
         Dagger            |    34 |    21 |     8 ||    63
         Short sword       |    34 |    74 |       ||   108
  Throw: Javelin           |       |     1 |       ||     1
         Throwing net      |       |     1 |       ||     1
    Use: Potion            |       |       |     1 ||     1
   Stab: Sleeping          |     2 |     5 |       ||     7
         Distracted        |     1 |       |       ||     1
         Held in net/web   |       |     3 |       ||     3
 Armour: Leather armour    |    61 |    47 |    12 ||   120
  Dodge: Dodged            |    54 |    63 |     5 ||   122

Table legend: (Time is in decaauts)
 A = Elapsed time spent in this place.
 B = Non-inter-level travel time spent in this place.
 C = Inter-level travel time spent in this place.
 D = Time resting spent in this place.
 E = Time spent auto-exploring this place.
 F = Levels seen in this place.
 G = Mean time per level.
                   A        B        C        D        E       F      G
               +--------+--------+--------+--------+--------+-----+--------+
         Total |   3242 |   3130 |    112 |    214 |   2318 |   5 |  648.4 |
       Dungeon |   3242 |   3130 |    112 |    214 |   2318 |   5 |  648.4 |
               +--------+--------+--------+--------+--------+-----+--------+

Top non-repeatable levels by time:
     D:4: 1214 daAuts
     D:1: 828 daAuts
     D:2: 591 daAuts
     D:3: 581 daAuts
     D:5: 26 daAuts
